Islanders vs Canucks
Created - February 8, 2021 at 19:08
Goals
|
| Islanders |
1 |
1 |
0 |
0 |
2 |
| Canucks |
0 |
1 |
1 |
1 |
3 |
|
Shots
|
| Islanders |
6 |
10 |
11 |
0 |
27 |
| Canucks |
8 |
7 |
12 |
2 |
29 |
|
1st period
1. Islanders , David Legwand 8 (Joe Thornton 28, Ryan Ellis 43) at 14:10
Penalties :
Drew Fata (Van) for Interference (Minor) at 4:56, Joe Thornton (NYI) for Slashing (Minor) at 11:37
2nd period
2. Islanders , Vladimir Tarasenko 27 (Evander Kane 36, Ryan Ellis 44) at 9:13
3. Canucks , Jason Zucker 13 (Tyler Toffoli 27, Robert Nilsson 33) at 11:56
Penalties :
Justin Falk (NYI) for Tripping (Minor) at 1:13, Jiri Hudler (NYI) for Tripping (Minor) at 4:56, Drew Fata (Van) for Hooking (Minor) at 9:26, Maxim Talbot (NYI) for Hooking (Minor) at 19:09
3rd period
4. Canucks , Robert Nilsson 31 (Tyler Toffoli 28, Jason Zucker 6) at 17:11
Penalties :
James Wright (Van) for Hooking (Minor) at 8:26
Overtime #1
5. Canucks , Jason Akeson 10 (Jamie McBain 47, Dennis Everberg 2) at 2:14
Penalties :
No Penalty
Goalie Stats
Jonathan Quick (NYI), 26 saves from 29 shots - (0.897), OTL, 22-12-4, 62:14 minutes
Martin Jones (Van), 25 saves from 27 shots - (0.926), W, 9-4-1, 62:14 minutes
Players Stats for Islanders
Player Name G A P +/- PIM S H SB GA TA FO MP PP MP PK MP
------------------------------------------------------------------------------------
David Legwand 1 0 1 1 0 5 3 0 1 1 6/13 18:58 3:03 2:49
Dustin Byfuglien 0 0 0 -1 0 3 0 0 0 0 0/0 12:06 0:00 0:00
Evander Kane 0 1 1 -1 0 1 2 2 1 1 0/0 23:28 2:54 4:15
Fedor Tyutin 0 0 0 1 0 1 2 0 0 1 0/0 25:34 3:00 5:27
Jay Bouwmeester 0 0 0 -2 0 2 2 0 0 1 0/0 22:11 2:57 2:29
Jiri Hudler 0 0 0 1 2 3 0 1 0 0 2/2 15:31 0:00 1:13
Joe Thornton 0 1 1 1 2 1 2 0 1 0 13/24 20:04 2:54 1:56
Justin Falk 0 0 0 -1 2 0 0 1 0 0 0/0 12:10 0:00 0:00
Maxim Talbot 0 0 0 0 2 0 1 0 0 0 1/2 13:18 0:00 0:00
Mike Brown 0 0 0 0 0 0 1 0 0 0 0/0 15:20 3:03 0:00
R.J. Umberger 0 0 0 0 0 1 0 0 0 0 2/2 14:45 0:09 0:20
Ryan Ellis 0 2 2 2 0 4 2 2 0 0 0/0 27:57 3:00 5:27
T.J. Fast 0 0 0 -2 0 0 0 0 0 0 0/0 22:11 2:57 2:29
Tomas Fleischmann 0 0 0 0 0 2 3 0 1 0 0/0 15:20 3:03 0:00
Tomas Kundratek 0 0 0 1 0 0 0 0 0 0 0/0 2:23 0:00 0:00
Tomas Plekanec 0 0 0 -1 0 0 0 0 0 0 0/2 5:37 0:00 0:00
Vladimir Tarasenko 1 0 1 -2 0 4 1 0 0 0 7/9 27:13 2:45 4:15
Zac Rinaldo 0 0 0 -1 0 0 0 0 0 0 0/0 6:50 0:00 1:04
Players Stats for Canucks
Player Name G A P +/- PIM S H SB GA TA FO MP PP MP PK MP
------------------------------------------------------------------------------------
Andy Rogers 0 0 0 0 0 0 0 2 0 0 0/0 21:38 2:46 2:24
Brandon Sutter 0 0 0 -2 0 4 1 1 0 0 6/12 20:37 3:27 1:44
Daniel Sedin 0 0 0 0 0 1 4 0 0 0 0/0 13:10 0:00 0:43
Dennis Everberg 0 1 1 1 0 0 0 1 0 0 0/3 3:01 0:00 0:00
Drew Fata 0 0 0 -1 4 2 3 1 0 1 0/0 25:42 5:10 0:55
James Wright 0 0 0 0 2 2 1 0 0 0 2/3 13:06 0:00 1:07
Jamie McBain 0 1 1 0 0 2 1 1 1 2 0/0 28:31 5:10 3:37
Jason Akeson 1 0 1 1 0 2 2 0 0 0 0/1 14:16 0:00 1:51
Jason Zucker 1 1 2 2 0 1 4 0 0 0 1/1 17:28 4:29 0:00
Jeremy Morin 0 0 0 -2 0 1 3 0 0 0 0/1 22:49 3:27 3:24
Jonathan Blum 0 0 0 2 0 0 3 0 0 0 0/0 14:58 0:00 2:20
Loui Eriksson 0 0 0 -2 0 4 1 0 0 0 1/1 18:03 3:27 0:00
Mike Komisarek 0 0 0 1 0 0 2 1 0 0 0/0 12:32 0:00 0:07
Robert Nilsson 1 1 2 2 0 6 1 1 0 0 13/32 25:50 4:29 3:05
Ryane Clowe 0 0 0 0 0 1 1 0 0 0 0/0 5:48 0:00 0:00
Spencer Machacek 0 0 0 0 0 1 0 0 0 0 0/0 5:48 0:00 0:00
Steve Eminger 0 0 0 0 0 1 3 1 1 1 0/0 21:31 2:46 2:31
Tyler Toffoli 0 2 2 2 0 1 1 3 2 0 0/0 18:08 4:29 0:00
3 Stars
1 - Jason Zucker (Van)
2 - Robert Nilsson (Van)
3 - Tyler Toffoli (Van)
Power Play
Islanders - 0 on 3 Attempt(s) - 0.00%
Canucks - 0 on 4 Attempt(s) - 0.00%
Penalty Kill
Islanders - 4 on 4 Attempt(s) - 100.00%
- Score 0 goal in Penalty Kill
Canucks - 3 on 3 Attempt(s) - 100.00%
- Score 0 goal in Penalty Kill
Team Stat
Islanders - Hits : 19 - Faceoff Wins : 31 - Blocked Shots : 6 - Penalty Minutes : 8
Canucks - Hits : 31 - Faceoff Wins : 23 - Blocked Shots : 12 - Penalty Minutes : 6
Official
Referees : Unknown
Linesman : Unknown
Game Notes
No Game Note
Finance
Level 1 -- Attendance: 6000 (100.00%) -- Ticket Income $498,000
Level 2 -- Attendance: 4598 (91.96%) -- Ticket Income $225,302
Level 3 -- Attendance: 2000 (100.00%) -- Ticket Income $68,000
Level 4 -- Attendance: 4000 (100.00%) -- Ticket Income $68,000
Luxury Box -- Attendance: 1000 (100.00%) -- Ticket Income $98,000
Game was played at the Budweiser Coliseum.
Total Attendance: 17598 (97.77%)
Total Ticket Income: $957,302
Other Income: $143,595
Total Income: $1,100,897
Islanders
5 vs 5 Forward
Center Left Wing Right Wing Time % Phy DF OF
1 Joe Thornton Evander Kane Vladimir Tarasenko 40 1 2 2
2 David Legwand Tomas Fleischmann Mike Brown 30 1 2 2
3 Maxim Talbot R.J. Umberger Jiri Hudler 20 1 2 2
4 Tomas Plekanec Zac Rinaldo Vladimir Tarasenko 10 1 2 2
5 vs 5 Defense
Defense Defense Time % Phy DF OF
1 Ryan Ellis Fedor Tyutin 40 1 2 2
2 Jay Bouwmeester T.J. Fast 30 1 2 2
3 Dustin Byfuglien Justin Falk 20 1 2 2
4 Tomas Kundratek Ryan Ellis 10 1 2 2
PowerPlay Forward
Center Left Wing Right Wing Time % Phy DF OF
1 Joe Thornton Evander Kane Vladimir Tarasenko 60 1 2 2
2 David Legwand Tomas Fleischmann Mike Brown 40 1 2 2
PowerPlay Defense
Defense Defense Time % Phy DF OF
1 Ryan Ellis Fedor Tyutin 60 1 2 2
2 Jay Bouwmeester T.J. Fast 40 1 2 2
Penalty Kill 4 Players Forward
Center Wing Time % Phy DF OF
1 Vladimir Tarasenko Evander Kane 60 1 2 2
2 Joe Thornton David Legwand 40 1 2 2
Penalty Kill 4 Players Defense
Defense Defense Time % Phy DF OF
1 Ryan Ellis Fedor Tyutin 60 1 2 2
2 Jay Bouwmeester T.J. Fast 40 1 2 2
Penalty Kill - 3 Players Forward
Forward Time % Phy DF OF
1 Vladimir Tarasenko 60 1 2 2
2 Evander Kane 40 1 2 2
Penalty Kill - 3 Players Defense
Defense Defense Time % Phy DF OF
1 Ryan Ellis Fedor Tyutin 60 1 2 2
2 Jay Bouwmeester T.J. Fast 40 1 2 2
4 vs 4 Forward
Center Wing Time % Phy DF OF
1 Vladimir Tarasenko Evander Kane 60 1 2 2
2 Joe Thornton David Legwand 40 1 2 2
4 vs 4 Defense
Defense Defense Time % Phy DF OF
1 Ryan Ellis Fedor Tyutin 60 1 2 2
2 Jay Bouwmeester T.J. Fast 40 1 2 2
Last Minutes Offensive
Center Left Wing Right Wing Defense Defense
Joe Thornton Evander Kane Vladimir Tarasenko Ryan Ellis Fedor Tyutin
Last Minutes Defensive
Center Left Wing Right Wing Defense Defense
Joe Thornton Evander Kane Vladimir Tarasenko Ryan Ellis Fedor Tyutin
Goaltenders
Starting : Jonathan Quick
Backup : Julien Ellis
Extra Forwards
Normal : R.J. Umberger, Maxim Talbot, Jiri Hudler - PP : R.J. Umberger, Maxim Talbot - PK : Jiri Hudler
Extra Defensemen
Normal : Dustin Byfuglien, Justin Falk, Tomas Kundratek - PP : Dustin Byfuglien - PK : Justin Falk, Tomas Kundratek
Penalty Shots
Vladimir Tarasenko, Evander Kane, Joe Thornton, David Legwand, Tomas Fleischmann
Scratches
Adam Pineault (Healthy), Carl Klingberg (Healthy)
Canucks
5 vs 5 Forward
Center Left Wing Right Wing Time % Phy DF OF
1 Robert Nilsson Jason Zucker Tyler Toffoli 40 1 2 2
2 Brandon Sutter Loui Eriksson Jeremy Morin 30 1 2 2
3 James Wright Daniel Sedin Jason Akeson 20 1 2 2
4 Robert Nilsson Ryane Clowe Spencer Machacek 10 1 2 2
5 vs 5 Defense
Defense Defense Time % Phy DF OF
1 Jamie McBain Drew Fata 40 1 2 2
2 Steve Eminger Andy Rogers 30 1 2 2
3 Mike Komisarek Jonathan Blum 20 1 2 2
4 Jamie McBain Drew Fata 10 1 2 2
PowerPlay Forward
Center Left Wing Right Wing Time % Phy DF OF
1 Robert Nilsson Jason Zucker Tyler Toffoli 60 1 2 2
2 Brandon Sutter Loui Eriksson Jeremy Morin 40 1 2 2
PowerPlay Defense
Defense Defense Time % Phy DF OF
1 Jamie McBain Drew Fata 60 1 2 2
2 Steve Eminger Andy Rogers 40 1 2 2
Penalty Kill 4 Players Forward
Center Wing Time % Phy DF OF
1 Robert Nilsson Jeremy Morin 60 1 2 2
2 Brandon Sutter James Wright 40 1 2 2
Penalty Kill 4 Players Defense
Defense Defense Time % Phy DF OF
1 Jamie McBain Drew Fata 60 1 2 2
2 Steve Eminger Andy Rogers 40 1 2 2
Penalty Kill - 3 Players Forward
Forward Time % Phy DF OF
1 Robert Nilsson 60 1 2 2
2 Brandon Sutter 40 1 2 2
Penalty Kill - 3 Players Defense
Defense Defense Time % Phy DF OF
1 Jamie McBain Drew Fata 60 1 2 2
2 Steve Eminger Andy Rogers 40 1 2 2
4 vs 4 Forward
Center Wing Time % Phy DF OF
1 Robert Nilsson Tyler Toffoli 60 1 2 2
2 Brandon Sutter Jason Zucker 40 1 2 2
4 vs 4 Defense
Defense Defense Time % Phy DF OF
1 Jamie McBain Drew Fata 60 1 2 2
2 Steve Eminger Andy Rogers 40 1 2 2
Last Minutes Offensive
Center Left Wing Right Wing Defense Defense
Robert Nilsson Jason Zucker Tyler Toffoli Jamie McBain Drew Fata
Last Minutes Defensive
Center Left Wing Right Wing Defense Defense
Robert Nilsson Loui Eriksson Jeremy Morin Jamie McBain Drew Fata
Goaltenders
Starting : Martin Jones
Backup : Jacob Markstrom
Extra Forwards
Normal : Dennis Everberg, Daniel Sedin, Jason Akeson - PP : Dennis Everberg, Daniel Sedin - PK : Jason Akeson
Extra Defensemen
Normal : Mike Komisarek, Jonathan Blum, Steve Eminger - PP : Mike Komisarek - PK : Jonathan Blum, Steve Eminger
Penalty Shots
Robert Nilsson, Tyler Toffoli, Brandon Sutter, Loui Eriksson, Jason Zucker
Scratches
Lane MacDermid (Healthy)
% Time on Ice - Islanders
Lines # - Real PCT - Wanted PCT - Time Play
Normal Forward
1 - 34% - 40% - 15:30
2 - 28% - 30% - 12:51
3 - 26% - 20% - 12:09
4 - 12% - 10% - 5:37
Normal Defense
1 - 35% - 40% - 16:09
2 - 34% - 30% - 15:29
3 - 26% - 20% - 12:06
4 - 5% - 10% - 2:23
PP Forward
1 - 49% - 60% - 2:54
2 - 51% - 40% - 3:03
PP Defense
1 - 50% - 60% - 3:00
2 - 50% - 40% - 2:57
PK Forward
1 - 71% - 60% - 5:39
2 - 29% - 40% - 2:17
PK Defense
1 - 69% - 60% - 5:27
2 - 31% - 40% - 2:29
PK3 Forward
1 - 0% - 60%
2 - 0% - 40%
PK3 Defense
1 - 0% - 60%
2 - 0% - 40%
44 Forward
1 - 89% - 60% - 1:59
2 - 11% - 40% - 0:15
44 Defense
1 - 43% - 60% - 0:58
2 - 57% - 40% - 1:16
Last Minute Offensive - 0:00
Last Minute Defensive - 0:00
Total
Forward - 62:14
Defense - 62:14
|
% Time on Ice - Canucks
Lines # - Real PCT - Wanted PCT - Time Play
Normal Forward
1 - 30% - 40% - 14:02
2 - 32% - 30% - 14:52
3 - 25% - 20% - 11:25
4 - 13% - 10% - 5:48
Normal Defense
1 - 39% - 40% - 17:58
2 - 33% - 30% - 15:17
3 - 26% - 20% - 12:07
4 - 2% - 10% - 0:45
PP Forward
1 - 57% - 60% - 4:29
2 - 43% - 40% - 3:27
PP Defense
1 - 65% - 60% - 5:10
2 - 35% - 40% - 2:46
PK Forward
1 - 71% - 60% - 4:13
2 - 29% - 40% - 1:44
PK Defense
1 - 63% - 60% - 3:44
2 - 37% - 40% - 2:13
PK3 Forward
1 - 0% - 60%
2 - 0% - 40%
PK3 Defense
1 - 0% - 60%
2 - 0% - 40%
44 Forward
1 - 82% - 60% - 1:50
2 - 18% - 40% - 0:24
44 Defense
1 - 57% - 60% - 1:17
2 - 43% - 40% - 0:57
Last Minute Offensive - 0:00
Last Minute Defensive - 0:00
Total
Forward - 62:14
Defense - 62:14
|
Play-by-Play
1st period
0:01 of 1st period - Joe Thornton wins face-off versus Robert Nilsson in neutral zone.
0:04 of 1st period - Slapshot by Vladimir Tarasenko.
0:04 of 1st period - Shot Misses the Net.
0:06 of 1st period - Snap shot by Evander Kane.
0:06 of 1st period - Shot Misses the Net.
0:08 of 1st period - Wrist shot by Evander Kane.
0:08 of 1st period - Deflect By Vladimir Tarasenko.
0:08 of 1st period - Shot Blocked by Tyler Toffoli.
0:08 of 1st period - Puck is out of play.
0:09 of 1st period - Robert Nilsson wins face-off versus Vladimir Tarasenko in Canucks zone.
0:49 of 1st period - Snap shot by Vladimir Tarasenko.
0:49 of 1st period - Stopped by Martin Jones with a rebound.
1:14 of 1st period - Icing by Drew Fata.
1:15 of 1st period - David Legwand wins face-off versus Robert Nilsson in Canucks zone.
1:46 of 1st period - Slapshot by Jamie McBain.
1:46 of 1st period - Stopped by Jonathan Quick without a rebound.
1:47 of 1st period - James Wright wins face-off versus David Legwand in Islanders zone.
2:53 of 1st period - Mike Brown is hit by Jonathan Blum.
3:08 of 1st period - T.J. Fast is hit by Jeremy Morin.
3:26 of 1st period - Robert Nilsson is hit by Evander Kane and loses puck.
4:07 of 1st period - Evander Kane is hit by Jason Zucker and loses puck.
4:56 of 1st period - Minor Penalty to Drew Fata for Interference.
4:57 of 1st period - Robert Nilsson wins face-off versus David Legwand in Canucks zone.
4:57 of 1st period - Robert Nilsson is hit by Tomas Fleischmann.
6:09 of 1st period - David Legwand is hit by Jonathan Blum and loses puck.
6:56 of 1st period - Penalty to Drew Fata is over, Drew Fata is back on ice.
7:22 of 1st period - Maxim Talbot is hit by Daniel Sedin and loses puck.
8:00 of 1st period - Slapshot by Jamie McBain.
8:00 of 1st period - Deflect By Dennis Everberg.
8:00 of 1st period - Shot Misses the Net.
8:00 of 1st period - Puck is out of play.
8:01 of 1st period - David Legwand wins face-off versus Brandon Sutter in Islanders zone.
8:16 of 1st period - Dustin Byfuglien is hit by Jeremy Morin and loses puck.
8:27 of 1st period - Snap shot by Robert Nilsson.
8:27 of 1st period - Stopped by Jonathan Quick without a rebound.
8:28 of 1st period - Joe Thornton wins face-off versus Robert Nilsson in Islanders zone.
8:33 of 1st period - Slapshot by Ryan Ellis.
8:33 of 1st period - Deflect By Mike Komisarek.
8:33 of 1st period - Stopped by Martin Jones with a rebound.
8:40 of 1st period - Off-side.
8:41 of 1st period - Brandon Sutter wins face-off versus Joe Thornton in neutral zone.
8:54 of 1st period - Slapshot by Brandon Sutter.
8:54 of 1st period - Stopped by Jonathan Quick without a rebound.
8:55 of 1st period - Joe Thornton wins face-off versus Robert Nilsson in Islanders zone.
9:24 of 1st period - Wrist shot by David Legwand.
9:24 of 1st period - Stopped by Martin Jones with a rebound.
9:50 of 1st period - Slapshot by Maxim Talbot.
9:50 of 1st period - Shot Blocked by Drew Fata.
10:07 of 1st period - Snap shot by Robert Nilsson.
10:07 of 1st period - Stopped by Jonathan Quick with a rebound.
10:09 of 1st period - Snap shot by Jamie McBain.
10:09 of 1st period - Deflect By Vladimir Tarasenko.
10:09 of 1st period - Stopped by Jonathan Quick without a rebound.
10:10 of 1st period - David Legwand wins face-off versus Brandon Sutter in Islanders zone.
10:17 of 1st period - Snap shot by Mike Brown.
10:17 of 1st period - Shot Misses the Net.
10:19 of 1st period - Slapshot by Jay Bouwmeester.
10:19 of 1st period - Shot Blocked by Mike Komisarek.
10:21 of 1st period - Backhand shot by Jay Bouwmeester.
10:21 of 1st period - Stopped by Martin Jones without a rebound.
10:22 of 1st period - Robert Nilsson wins face-off versus Joe Thornton in Canucks zone.
10:34 of 1st period - Drew Fata is hit by Jay Bouwmeester and loses puck.
11:07 of 1st period - Wrist shot by Vladimir Tarasenko.
11:07 of 1st period - Shot Misses the Net.
11:13 of 1st period - T.J. Fast is hit by Brandon Sutter and loses puck.
11:23 of 1st period - Wrist shot by Joe Thornton.
11:23 of 1st period - Stopped by Martin Jones with a rebound.
11:35 of 1st period - Snap shot by Loui Eriksson.
11:35 of 1st period - Stopped by Jonathan Quick with a rebound.
11:37 of 1st period - Minor Penalty to Joe Thornton for Slashing.
11:38 of 1st period - Jiri Hudler wins face-off versus Robert Nilsson in Islanders zone.
12:35 of 1st period - R.J. Umberger is hit by Robert Nilsson and loses puck.
12:47 of 1st period - Icing by Steve Eminger.
12:48 of 1st period - Vladimir Tarasenko wins face-off versus Robert Nilsson in Canucks zone.
13:09 of 1st period - Slapshot by Loui Eriksson.
13:09 of 1st period - Stopped by Jonathan Quick with a rebound.
13:11 of 1st period - Slapshot by Steve Eminger.
13:11 of 1st period - Stopped by Jonathan Quick without a rebound.
13:12 of 1st period - Vladimir Tarasenko wins face-off versus Jeremy Morin in Islanders zone.
13:37 of 1st period - Penalty to Joe Thornton is over, Joe Thornton is back on ice.
14:10 of 1st period - Wrist shot by David Legwand.
14:10 of 1st period - Goal by David Legwand - Islanders : 1 - Canucks : 0.
14:11 of 1st period - Joe Thornton wins face-off versus Robert Nilsson in neutral zone.
18:21 of 1st period - Vladimir Tarasenko is hit by Drew Fata and loses puck.
18:50 of 1st period - David Legwand is hit by Ryane Clowe and loses puck.
19:20 of 1st period - Snap shot by Robert Nilsson.
19:20 of 1st period - Shot Blocked by Justin Falk.
Goals for this period are 1 for Islanders vs 0 for Canucks.
Shots for this period are 6 for Islanders vs 8 for Canucks.
2nd period
0:01 of 2nd period - Joe Thornton wins face-off versus Robert Nilsson in neutral zone.
0:04 of 2nd period - Tyler Toffoli is hit by Vladimir Tarasenko and loses puck.
0:15 of 2nd period - Ryan Ellis is hit by Drew Fata.
0:27 of 2nd period - Jamie McBain is hit by Tomas Fleischmann and loses puck.
1:13 of 2nd period - Minor Penalty to Justin Falk for Tripping.
1:14 of 2nd period - Robert Nilsson wins face-off versus Vladimir Tarasenko in Islanders zone.
3:13 of 2nd period - Penalty to Justin Falk is over, Justin Falk is back on ice.
3:16 of 2nd period - Evander Kane is hit by Steve Eminger and loses puck.
3:25 of 2nd period - Slapshot by Jay Bouwmeester.
3:25 of 2nd period - Stopped by Martin Jones with a rebound.
3:27 of 2nd period - Snap shot by Dustin Byfuglien.
3:27 of 2nd period - Stopped by Martin Jones with a rebound.
3:29 of 2nd period - Snap shot by R.J. Umberger.
3:29 of 2nd period - Shot Misses the Net.
3:31 of 2nd period - Slapshot by Evander Kane.
3:31 of 2nd period - Shot Misses the Net.
3:33 of 2nd period - Slapshot by Justin Falk.
3:33 of 2nd period - Shot Misses the Net.
3:39 of 2nd period - Snap shot by Vladimir Tarasenko.
3:39 of 2nd period - Shot Misses the Net.
3:41 of 2nd period - Slapshot by Ryan Ellis.
3:41 of 2nd period - Stopped by Martin Jones with a rebound.
3:47 of 2nd period - Slapshot by R.J. Umberger.
3:47 of 2nd period - Shot Blocked by Andy Rogers.
3:49 of 2nd period - Slapshot by Dustin Byfuglien.
3:49 of 2nd period - Shot Misses the Net.
3:51 of 2nd period - Snap shot by R.J. Umberger.
3:51 of 2nd period - Stopped by Martin Jones without a rebound.
3:52 of 2nd period - Loui Eriksson wins face-off versus David Legwand in Canucks zone.
4:09 of 2nd period - Jamie McBain is hit by David Legwand and loses puck.
4:24 of 2nd period - Slapshot by Jiri Hudler.
4:24 of 2nd period - Stopped by Martin Jones with a rebound.
4:26 of 2nd period - Snap shot by R.J. Umberger.
4:26 of 2nd period - Shot Blocked by Tyler Toffoli.
4:37 of 2nd period - Icing by Jonathan Blum.
4:38 of 2nd period - Robert Nilsson wins face-off versus Tomas Plekanec in Canucks zone.
4:38 of 2nd period - Robert Nilsson is hit by Jay Bouwmeester.
4:56 of 2nd period - Minor Penalty to Jiri Hudler for Tripping.
4:57 of 2nd period - Vladimir Tarasenko wins face-off versus Robert Nilsson in Islanders zone.
4:57 of 2nd period - Vladimir Tarasenko is hit by Drew Fata.
5:14 of 2nd period - Off-side.
5:15 of 2nd period - Vladimir Tarasenko wins face-off versus Brandon Sutter in neutral zone.
5:32 of 2nd period - Slapshot by Jamie McBain.
5:32 of 2nd period - Shot Blocked by Ryan Ellis.
5:46 of 2nd period - Wrist shot by Tyler Toffoli.
5:46 of 2nd period - Shot Misses the Net.
5:48 of 2nd period - Slapshot by Drew Fata.
5:48 of 2nd period - Stopped by Jonathan Quick without a rebound.
5:49 of 2nd period - Joe Thornton wins face-off versus Robert Nilsson in Islanders zone.
6:24 of 2nd period - Snap shot by Brandon Sutter.
6:24 of 2nd period - Stopped by Jonathan Quick without a rebound.
6:25 of 2nd period - Joe Thornton wins face-off versus Robert Nilsson in Islanders zone.
6:56 of 2nd period - Penalty to Jiri Hudler is over, Jiri Hudler is back on ice.
7:08 of 2nd period - Snap shot by Loui Eriksson.
7:08 of 2nd period - Shot Misses the Net.
8:32 of 2nd period - Ryan Ellis is hit by Jonathan Blum and loses puck.
9:07 of 2nd period - Snap shot by Ryan Ellis.
9:07 of 2nd period - Stopped by Martin Jones with a rebound.
9:09 of 2nd period - Wrist shot by Vladimir Tarasenko.
9:09 of 2nd period - Shot Misses the Net.
9:11 of 2nd period - Snap shot by Evander Kane.
9:11 of 2nd period - Shot Blocked by Andy Rogers.
9:13 of 2nd period - Wrist shot by Vladimir Tarasenko.
9:13 of 2nd period - Goal by Vladimir Tarasenko - Islanders : 2 - Canucks : 0.
9:14 of 2nd period - Jason Zucker wins face-off versus Joe Thornton in neutral zone.
9:26 of 2nd period - Minor Penalty to Drew Fata for Hooking.
9:27 of 2nd period - Robert Nilsson wins face-off versus Joe Thornton in Canucks zone.
9:43 of 2nd period - Slapshot by Jeremy Morin.
9:43 of 2nd period - Shot Misses the Net.
9:55 of 2nd period - Jeremy Morin is hit by Tomas Fleischmann and loses puck.
10:00 of 2nd period - Slapshot by Ryan Ellis.
10:00 of 2nd period - Deflect By Jamie McBain.
10:00 of 2nd period - Stopped by Martin Jones without a rebound.
10:01 of 2nd period - Robert Nilsson wins face-off versus David Legwand in Canucks zone.
10:14 of 2nd period - David Legwand is hit by Steve Eminger and loses puck.
11:26 of 2nd period - Penalty to Drew Fata is over, Drew Fata is back on ice.
11:54 of 2nd period - Slapshot by Tyler Toffoli.
11:54 of 2nd period - Stopped by Jonathan Quick with a rebound.
11:56 of 2nd period - Slapshot by Jason Zucker.
11:56 of 2nd period - Goal by Jason Zucker - Islanders : 2 - Canucks : 1.
11:57 of 2nd period - Joe Thornton wins face-off versus Robert Nilsson in neutral zone.
12:24 of 2nd period - Fedor Tyutin is hit by Daniel Sedin and loses puck.
12:44 of 2nd period - Icing by Tomas Fleischmann.
12:45 of 2nd period - David Legwand wins face-off versus Brandon Sutter in Islanders zone.
13:29 of 2nd period - Wrist shot by Tyler Toffoli.
13:29 of 2nd period - Shot Misses the Net.
13:31 of 2nd period - Slapshot by Tyler Toffoli.
13:31 of 2nd period - Shot Misses the Net.
13:49 of 2nd period - Snap shot by David Legwand.
13:49 of 2nd period - Stopped by Martin Jones with a rebound.
13:51 of 2nd period - Slapshot by David Legwand.
13:51 of 2nd period - Stopped by Martin Jones with a rebound.
14:52 of 2nd period - Daniel Sedin is hit by Fedor Tyutin and loses puck.
14:59 of 2nd period - Tomas Fleischmann is hit by James Wright and loses puck.
15:12 of 2nd period - Evander Kane is hit by Jamie McBain and loses puck.
16:08 of 2nd period - David Legwand is hit by Jason Zucker.
16:20 of 2nd period - Snap shot by Joe Thornton.
16:20 of 2nd period - Shot Misses the Net.
16:36 of 2nd period - Wrist shot by Robert Nilsson.
16:36 of 2nd period - Shot Misses the Net.
17:01 of 2nd period - Mike Brown is hit by Daniel Sedin and loses puck.
17:28 of 2nd period - Andy Rogers is hit by Fedor Tyutin and loses puck.
17:39 of 2nd period - Jay Bouwmeester is hit by Steve Eminger and loses puck.
17:52 of 2nd period - Snap shot by Robert Nilsson.
17:52 of 2nd period - Stopped by Jonathan Quick without a rebound.
17:53 of 2nd period - David Legwand wins face-off versus Robert Nilsson in Islanders zone.
18:20 of 2nd period - Slapshot by Drew Fata.
18:20 of 2nd period - Stopped by Jonathan Quick with a rebound.
18:22 of 2nd period - Wrist shot by Jeremy Morin.
18:22 of 2nd period - Stopped by Jonathan Quick with a rebound.
19:09 of 2nd period - Minor Penalty to Maxim Talbot for Hooking.
19:10 of 2nd period - Vladimir Tarasenko wins face-off versus Robert Nilsson in Islanders zone.
Goals for this period are 1 for Islanders vs 1 for Canucks.
Shots for this period are 10 for Islanders vs 7 for Canucks.
3rd period
0:01 of 3rd period - Vladimir Tarasenko wins face-off versus Robert Nilsson in neutral zone.
0:09 of 3rd period - Vladimir Tarasenko is hit by Jason Zucker.
0:27 of 3rd period - Loui Eriksson is hit by Joe Thornton and loses puck.
1:07 of 3rd period - Icing by Jason Zucker.
1:08 of 3rd period - Jiri Hudler wins face-off versus Robert Nilsson in Canucks zone.
1:09 of 3rd period - Penalty to Maxim Talbot is over, Maxim Talbot is back on ice.
2:38 of 3rd period - Wrist shot by James Wright.
2:38 of 3rd period - Stopped by Jonathan Quick with a rebound.
3:30 of 3rd period - Wrist shot by Ryan Ellis.
3:30 of 3rd period - Shot Blocked by Robert Nilsson.
5:18 of 3rd period - Daniel Sedin is hit by Ryan Ellis and loses puck.
5:33 of 3rd period - Jamie McBain is hit by Mike Brown and loses puck.
6:00 of 3rd period - Mike Komisarek is hit by Evander Kane and loses puck.
6:22 of 3rd period - Snap shot by Vladimir Tarasenko.
6:22 of 3rd period - Stopped by Martin Jones with a rebound.
6:24 of 3rd period - Slapshot by Mike Brown.
6:24 of 3rd period - Shot Misses the Net.
6:26 of 3rd period - Backhand shot by Dustin Byfuglien.
6:26 of 3rd period - Stopped by Martin Jones with a rebound.
6:28 of 3rd period - Slapshot by David Legwand.
6:28 of 3rd period - Shot Blocked by Tyler Toffoli.
6:35 of 3rd period - Icing by Mike Komisarek.
6:36 of 3rd period - Maxim Talbot wins face-off versus Brandon Sutter in Canucks zone.
6:41 of 3rd period - Slapshot by Ryan Ellis.
6:41 of 3rd period - Deflect By R.J. Umberger.
6:41 of 3rd period - Shot Blocked by Brandon Sutter.
6:41 of 3rd period - Puck is out of play.
6:42 of 3rd period - Brandon Sutter wins face-off versus Maxim Talbot in Canucks zone.
6:53 of 3rd period - Loui Eriksson is hit by Maxim Talbot and loses puck.
7:31 of 3rd period - Wrist shot by R.J. Umberger.
7:31 of 3rd period - Shot Blocked by Jamie McBain.
7:33 of 3rd period - Slapshot by Dustin Byfuglien.
7:33 of 3rd period - Stopped by Martin Jones without a rebound.
7:34 of 3rd period - Joe Thornton wins face-off versus Robert Nilsson in Canucks zone.
8:06 of 3rd period - Wrist shot by Tomas Fleischmann.
8:06 of 3rd period - Stopped by Martin Jones without a rebound.
8:07 of 3rd period - James Wright wins face-off versus David Legwand in Canucks zone.
8:07 of 3rd period - James Wright is hit by David Legwand.
8:19 of 3rd period - Slapshot by Jamie McBain.
8:19 of 3rd period - Shot Misses the Net.
8:26 of 3rd period - Minor Penalty to James Wright for Hooking.
8:27 of 3rd period - Joe Thornton wins face-off versus Robert Nilsson in Canucks zone.
8:57 of 3rd period - Jeremy Morin is hit by David Legwand and loses puck.
9:31 of 3rd period - Icing by Jay Bouwmeester.
9:32 of 3rd period - Joe Thornton wins face-off versus Jason Akeson in Islanders zone.
10:15 of 3rd period - Slapshot by Brandon Sutter.
10:15 of 3rd period - Deflect By Jason Akeson.
10:15 of 3rd period - Stopped by Jonathan Quick without a rebound.
10:16 of 3rd period - Brandon Sutter wins face-off versus David Legwand in Islanders zone.
10:19 of 3rd period - Snap shot by Brandon Sutter.
10:19 of 3rd period - Stopped by Jonathan Quick without a rebound.
10:20 of 3rd period - Brandon Sutter wins face-off versus David Legwand in Islanders zone.
10:26 of 3rd period - Penalty to James Wright is over, James Wright is back on ice.
11:26 of 3rd period - Snap shot by David Legwand.
11:26 of 3rd period - Stopped by Martin Jones without a rebound.
11:27 of 3rd period - Joe Thornton wins face-off versus Dennis Everberg in Canucks zone.
11:42 of 3rd period - Snap shot by Vladimir Tarasenko.
11:42 of 3rd period - Shot Blocked by Steve Eminger.
11:44 of 3rd period - Slapshot by Fedor Tyutin.
11:44 of 3rd period - Stopped by Martin Jones with a rebound.
11:59 of 3rd period - Justin Falk is hit by Jason Akeson and loses puck.
12:08 of 3rd period - Maxim Talbot is hit by Daniel Sedin and loses puck.
12:21 of 3rd period - Snap shot by Spencer Machacek.
12:21 of 3rd period - Stopped by Jonathan Quick without a rebound.
12:22 of 3rd period - Robert Nilsson wins face-off versus Joe Thornton in Islanders zone.
12:23 of 3rd period - Snap shot by Ryane Clowe.
12:23 of 3rd period - Stopped by Jonathan Quick without a rebound.
12:24 of 3rd period - Robert Nilsson wins face-off versus Joe Thornton in Islanders zone.
12:37 of 3rd period - Wrist shot by Ryane Clowe.
12:37 of 3rd period - Deflect By Spencer Machacek.
12:37 of 3rd period - Shot Blocked by Ryan Ellis.
12:37 of 3rd period - Puck is out of play.
12:38 of 3rd period - Brandon Sutter wins face-off versus Joe Thornton in Islanders zone.
12:39 of 3rd period - Snap shot by Jeremy Morin.
12:39 of 3rd period - Shot Blocked by Evander Kane.
12:50 of 3rd period - Off-side.
12:51 of 3rd period - Robert Nilsson wins face-off versus Joe Thornton in neutral zone.
12:54 of 3rd period - Backhand shot by Drew Fata.
12:54 of 3rd period - Shot Blocked by Evander Kane.
13:18 of 3rd period - Jeremy Morin is hit by Ryan Ellis and loses puck.
13:23 of 3rd period - Backhand shot by Tomas Fleischmann.
13:23 of 3rd period - Stopped by Martin Jones without a rebound.
13:24 of 3rd period - David Legwand wins face-off versus Brandon Sutter in Canucks zone.
14:13 of 3rd period - Slapshot by Daniel Sedin.
14:13 of 3rd period - Stopped by Jonathan Quick with a rebound.
14:15 of 3rd period - Snap shot by James Wright.
14:15 of 3rd period - Shot Misses the Net.
14:17 of 3rd period - Snap shot by James Wright.
14:17 of 3rd period - Shot Misses the Net.
14:33 of 3rd period - Wrist shot by Mike Brown.
14:33 of 3rd period - Shot Misses the Net.
14:59 of 3rd period - Snap shot by Robert Nilsson.
14:59 of 3rd period - Stopped by Jonathan Quick with a rebound.
15:14 of 3rd period - Off-side.
15:15 of 3rd period - Robert Nilsson wins face-off versus Joe Thornton in neutral zone.
15:40 of 3rd period - Slapshot by Jamie McBain.
15:40 of 3rd period - Shot Blocked by Jiri Hudler.
15:42 of 3rd period - Snap shot by James Wright.
15:42 of 3rd period - Stopped by Jonathan Quick with a rebound.
16:04 of 3rd period - Mike Brown is hit by Jeremy Morin.
16:14 of 3rd period - Snap shot by Evander Kane.
16:14 of 3rd period - Stopped by Martin Jones with a rebound.
16:18 of 3rd period - Wrist shot by Vladimir Tarasenko.
16:18 of 3rd period - Stopped by Martin Jones without a rebound.
16:19 of 3rd period - Joe Thornton wins face-off versus James Wright in Canucks zone.
16:54 of 3rd period - Icing by Robert Nilsson.
16:55 of 3rd period - Robert Nilsson wins face-off versus Joe Thornton in Canucks zone.
16:55 of 3rd period - Robert Nilsson is hit by Joe Thornton.
17:01 of 3rd period - Wrist shot by Jason Zucker.
17:01 of 3rd period - Deflect By Robert Nilsson.
17:01 of 3rd period - Stopped by Jonathan Quick with a rebound.
17:09 of 3rd period - Slapshot by Tyler Toffoli.
17:09 of 3rd period - Shot Misses the Net.
17:11 of 3rd period - Snap shot by Tyler Toffoli.
17:11 of 3rd period - Deflect By Robert Nilsson.
17:11 of 3rd period - Goal by Robert Nilsson - Islanders : 2 - Canucks : 2.
17:12 of 3rd period - Robert Nilsson wins face-off versus Joe Thornton in neutral zone.
17:15 of 3rd period - Evander Kane is hit by Tyler Toffoli and loses puck.
17:38 of 3rd period - Fedor Tyutin is hit by Jason Akeson and loses puck.
18:07 of 3rd period - Snap shot by Loui Eriksson.
18:07 of 3rd period - Stopped by Jonathan Quick without a rebound.
18:08 of 3rd period - Brandon Sutter wins face-off versus Tomas Plekanec in Islanders zone.
18:58 of 3rd period - Joe Thornton is hit by Mike Komisarek and loses puck.
19:13 of 3rd period - Dustin Byfuglien is hit by Mike Komisarek and loses puck.
19:29 of 3rd period - Dustin Byfuglien is hit by Loui Eriksson and loses puck.
19:43 of 3rd period - Snap shot by Loui Eriksson.
19:43 of 3rd period - Stopped by Jonathan Quick without a rebound.
19:44 of 3rd period - R.J. Umberger wins face-off versus Dennis Everberg in Islanders zone.
19:51 of 3rd period - Slapshot by Ryan Ellis.
19:51 of 3rd period - Shot Hit the Post.
19:53 of 3rd period - Snap shot by R.J. Umberger.
19:53 of 3rd period - Deflect By Maxim Talbot.
19:53 of 3rd period - Shot Misses the Net.
19:53 of 3rd period - Puck is out of play.
19:54 of 3rd period - R.J. Umberger wins face-off versus Dennis Everberg in Canucks zone.
19:57 of 3rd period - Slapshot by Maxim Talbot.
19:57 of 3rd period - Deflect By Jiri Hudler.
19:57 of 3rd period - Stopped by Martin Jones with a rebound.
19:59 of 3rd period - Snap shot by Jiri Hudler.
19:59 of 3rd period - Stopped by Martin Jones with a rebound.
Goals for this period are 0 for Islanders vs 1 for Canucks.
Shots for this period are 11 for Islanders vs 12 for Canucks.
Overtime #1
0:01 of 1st overtime period - Vladimir Tarasenko wins face-off versus Robert Nilsson in neutral zone.
0:43 of 1st overtime period - Slapshot by T.J. Fast.
0:43 of 1st overtime period - Shot Blocked by Dennis Everberg.
1:46 of 1st overtime period - T.J. Fast is hit by Jason Zucker and loses puck.
1:51 of 1st overtime period - Wrist shot by Brandon Sutter.
1:51 of 1st overtime period - Stopped by Jonathan Quick with a rebound.
2:14 of 1st overtime period - Slapshot by Jason Akeson.
2:14 of 1st overtime period - Goal by Jason Akeson - Islanders : 2 - Canucks : 3.
Goals for this period are 0 for Islanders vs 1 for Canucks.
Shots for this period are 0 for Islanders vs 2 for Canucks.